cohdb
Replays
Latest Replays
All Replays
Popular Replays
Top Player Replays
Match Explorer
How It Works
Community
CoH3 Stats
Reddit
Sign in to upload your games and track your stats! →
Sign in with Steam
Match 28510710
Unlisted
Match 28510710
Overview
Messages
Build Orders
End
Construct Infanterie Kompanie
Selects Breakthrough Battlegroup
Selects Assault Grenadiers
Kettenkrad Recon Vehicle
Grenadier Squad
Grenadier Squad
Grenadier Squad
Medical Station
Construct Panzergrenadier Kompanie
Construct Luftwaffe Kompanie
Selects 2.5-tonne Cargo Truck
2.5-tonne Cargo Truck
221 Scout Car
Construct Panzergrenadier Kompanie
251 Medium Carrier
2.5-tonne Cargo Truck
Pak 40 Anti-tank Gun Team
Construct Panzer Kompanie
2.5-tonne Cargo Truck
Selects Blitzkrieg
Selects Panzer IV Command Tank Sd.Kfz. 161/1
Panzer IV Command Tank
Pioneer Squad
Selects Smoke Bombing Run
Selects Incendiary Bombing Run
Incendiary Bombing Run
Sturmpanzer IV Brummbär
2.5-tonne Cargo Truck
Incendiary Bombing Run
Panzer IV Command Tank
Panzer IV Medium Tank
Incendiary Bombing Run
Pioneer Squad
Smoke Bombing Run
Panzer IV Medium Tank
Panzer IV Command Tank
Panzer IV Medium Tank
iAinEng
charif.khoury
DuM
Akaxiya
NaRDo627
2114751070
coffeeknight
binbinbinabin
0
0
Comments
sign in to comment!
No comments posted yet!